 Dungeon Crawl Stone Soup version 0.29-a0-375-g5102b3be25 (console) character file.

Game seed: 16694118072508289524

900 lyrixa the Cudgeller (level 7, -1/52 HPs)
             Began as a Demonspawn Wanderer on May 3, 2022.
             Was an Initiate of Gozag.
             Killed by nerve-wracking pain
             ... invoked by an orc priest
              (11 damage)
             ... on level 5 of the Dungeon.
             The game lasted 00:09:09 (6168 turns).

lyrixa the Cudgeller (Demonspawn Wanderer)          Turns: 6168, Time: 00:09:10

Health: -1/52      AC: 10    Str: 12    XL:     7   Next: 79%
Magic:  8/8        EV: 19    Int: 17    God:    Gozag
Gold:   477        SH:  4    Dex: 11    Spells: 7/8 levels left

rFire   . . .      SeeInvis .   h - +2 mace (drain)
rCold   . . .      Faith    .   d - +0 buckler
rNeg    . . .      Spirit   .   o - +0 chain mail
rPois   .          Reflect  .   (no helmet)
rElec   .          Harm     .   (no cloak)
rCorr   .          Rampage  .   (no gloves)
Will    .....                   (no boots)
Stlth   ..........              f - amulet of the acrobat
HPRegen 0.17/turn               (no ring)
MPRegen 0.11/turn               (no ring)

@: gold aura, acrobatic
A: slimy green scales 1, demonic guardian 2, demonic touch 1
a: Renounce Religion, Potion Petition, Call Merchant, Bribe Branch


You were on level 5 of the Dungeon.
You worshipped Gozag.
Gozag was aware of your devotion.
You visited 2 branches of the dungeon, and saw 6 of its levels.

You collected 538 gold pieces.
You paid 61 gold pieces to Gozag.

Inventory:

Hand Weapons
 h - a +2 mace of draining (weapon)
 p - a +2 flail of protection
Missiles
 e - 2 throwing nets
Armour
 d - a +0 buckler (worn)
 o - a +0 chain mail (worn)
Jewellery
 f - an amulet of the acrobat (around neck)
Scrolls
 a - a scroll of silence {unknown}
 b - 3 scrolls of fear
 g - a scroll of blinking
 k - 2 scrolls of teleportation {unknown}
 l - a scroll of identify
Potions
 c - a potion of brilliance {unknown}
 i - a potion of cancellation
 j - a potion of curing
 m - 3 potions of attraction
 n - a potion of heal wounds


   Skills:
 - Level 3.0 Fighting
 + Level 6.8 Maces & Flails
 - Level 4.0 Shields
 - Level 1.0 Spellcasting
 - Level 4.5 Transmutations
 - Level 1.0 Air Magic


You had 7 spell levels left.
You knew the following spells:

 Your Spells              Type           Power      Damage    Failure   Level
a - Beastly Appendage     Tmut           32%        N/A       91%         1

Your spell library contained the following spells:

 Spells                   Type           Power      Damage    Failure   Level
 Wereblood                Tmut           16%        N/A       97%         2
 Animate Skeleton         Necr           0%         N/A       100%        1
 Pain                     Necr           0%         1d4       100%        1
 Corpse Rot               Necr/Air       4%         N/A       100%        2
 Passwall                 Tmut/Erth      6%         N/A       100%        2
 Static Discharge         Conj/Air       2%         N/A       100%        2
 Gell's Gravitas          Tloc           0%         N/A       100%        3
 Teleport Other           Tloc           0%         N/A       100%        3
 Vampiric Draining        Necr           0%         2d6       100%        3
 Dispersal                Tloc           0%         N/A       100%        6
 Summon Cactus Giant      Summ           0%         N/A       100%        6
 Spellforged Servitor     Conj/Summ      0%         N/A       100%        7


Dungeon Overview and Level Annotations

Branches:
Dungeon (5/15)             Temple (1/1) D:5

Altars:
Gozag
Okawaru
Vehumet
Zin

Shops:
D:3 [

Annotations:
D:5 3 runed translucent doors, Antichthon's ghost, novice FoAM


Innate Abilities, Weirdness & Mutations

You are partially covered in slimy green scales. (AC +2)
A demonic guardian rushes to your aid.
Your touch may inflict minor irresistible damage on your foes.


Message History

The orc priest is healed somewhat.
The orc closely misses your rust devil.
Your rust devil hits the orc warrior.
Your rust devil corrodes the orc warrior!
Your rust devil barely misses the orc priest.
You barely miss the orc priest.
The orc priest is no longer distracted by gold.
The orc priest is lightly wounded.
The orc is no longer distracted by gold. x2
The orc priest invokes the aid of Beogh against you.
Beogh smites you!
* * * LOW HITPOINT WARNING * * *
The gnoll sergeant hits your rust devil with a +1 spear of venom.
The orc priest hits you but does no damage.
The orc hits your rust devil with a +0 flail.
Your rust devil hits the gnoll sergeant.
Your rust devil corrodes the gnoll sergeant!
Your rust devil barely misses the orc priest.
You hit the orc priest. You drain the orc priest.
The orc priest is heavily wounded.
The orc priest hits you with a +0 flail.
* * * LOW HITPOINT WARNING * * *
The gnoll sergeant barely misses your rust devil.
The orc is distracted by your dazzling golden aura. x2
The orc priest looks braver for a moment.
The orc hits your rust devil but does no damage.
Your rust devil closely misses the gnoll sergeant.
Your rust devil hits the orc priest!
The orc priest dies!
The orc shouts!
The orc shouts!
The orc priest looks satisfied for a moment.
The orc hits your rust devil but does no damage.
Your rust devil hits the gnoll sergeant!
The gnoll sergeant seems to be corroded for longer.
Your rust devil hits the orc.
Your rust devil corrodes the orc!
The orc is no longer distracted by gold.
The orc priest invokes the aid of Beogh against you.
Pain shoots through your body!
You die...
Your body crumbles into a pile of gold.

.##......o........>..######
.#########.....#.....# .
#.....###...# #.g4o$# #...#
###....o# #...#
#......4o###...#
..####.$o.##...# .
....o...##...#
.........@....#
#....#....##### ........#.#
# ..##....#.# # ..##......#
# .........# ....#....#
.... ...#


You could see an orc warrior (corroded), a gnoll sergeant (corroded, ally
target), an orc priest (very drained), 3 orcs and 2 friendly rust devils.

Vanquished Creatures
  Edmund (D:5)
  A centaur (D:5)
  A phantom (D:5)
  A bullfrog (D:4)
  An orc priest (D:4)
  A jelly (D:4)
  A hound (D:4)
  2 orc wizards (D:4)
  2 gnolls
  6 adders
  An ufetubus (D:4)
  A dart slug (D:1)
  A worm (D:2)
  9 orcs
  7 ball pythons
  4 bats
  2 endoplasms
  3 giant cockroaches
  4 hobgoblins
  6 jackals
  8 kobolds
  3 quokkas
  5 frilled lizards
  6 rats
77 creatures vanquished.

Vanquished Creatures (collateral kills)
  A centaur (D:5)
  A necrophage (D:4)
  A scorpion (Temple)
  2 orc priests (D:5)
  A gnoll (D:5)
  An adder (D:2)
  An orc (D:5)
  A rat (D:1)
9 creatures vanquished.

Grand Total: 86 creatures vanquished

Notes
Turn   | Place    | Note
-------+----------+-------------------------------------------
     0 | D:1      | lyrixa the Demonspawn Wanderer began the quest for the Orb.
     0 | D:1      | lyrixa set off with the following items: a +0 club, a
                  | scroll of fear, a +0 robe, a +0 buckler; and the following
                  | spell memorised: Beastly Appendage; and the following
                  | spells available to memorise: Wereblood, Passwall, Corpse
                  | Rot, Static Discharge
     0 | D:1      | Reached XP level 1. HP: 13/13 MP: 2/2
    81 | D:1      | Reached skill level 1 in Fighting
   407 | D:1      | Gained mutation: A weak demonic guardian rushes to your
                  | aid. [demonic ancestry]
   407 | D:1      | Reached XP level 2. HP: 17/22 MP: 3/3
  1202 | D:2      | Reached skill level 1 in Maces & Flails
  1215 | D:2      | Reached XP level 3. HP: 27/27 MP: 4/4
  1831 | D:2      | Found a faded altar of an unknown god.
  2114 | D:3      | Found an opulent altar of Gozag.
  2249 | D:3      | Became a worshipper of Gozag Ym Sagoz the Greedy
  2513 | D:3      | Reached skill level 2 in Maces & Flails
  2617 | D:3      | Found Qaesityad's Antique Armour Emporium.
  2802 | D:3      | Gained mutation: You are partially covered in slimy green
                  | scales. (AC +2) [demonic ancestry]
  2802 | D:3      | Reached XP level 4. HP: 30/34 MP: 5/5
  3192 | D:4      | Noticed a necrophage
  3205 | D:4      | Killed a necrophage
  3206 | D:4      | Reached skill level 3 in Maces & Flails
  3206 | D:4      | Reached XP level 5. HP: 12/40 MP: 6/6
  3528 | D:4      | Reached skill level 4 in Maces & Flails
  3821 | D:4      | Gained mutation: Your touch may inflict minor irresistible
                  | damage on your foes. [demonic ancestry]
  3821 | D:4      | Reached XP level 6. HP: 32/38 MP: 7/7
  4014 | D:4      | Reached skill level 5 in Maces & Flails
  4321 | D:5      | Entered Level 5 of the Dungeon
  4327 | D:5      | Got Noawan's Almanac of the Entourage
  4481 | D:5      | Found a runed translucent gate.
  4481 | D:5      | Found a runed translucent gate.
  4481 | D:5      | Found a runed translucent gate.
  4742 | D:5      | Reached skill level 6 in Maces & Flails
  4742 | D:5      | Gained mutation: A demonic guardian rushes to your aid.
                  | [demonic ancestry]
  4742 | D:5      | Reached XP level 7. HP: 33/52 MP: 8/8
  4877 | D:5      | Noticed Antichthon's ghost (novice FoAM)
  4888 | D:5      | Found a staircase to the Ecumenical Temple.
  5297 | D:5      | Noticed Edmund
  5329 | D:5      | Killed Edmund
  5712 | Temple   | Entered the Ecumenical Temple
  6168 | D:5      | Killed from afar by an orc priest

Illustrated notes

Levels and vault maps discovered:
D:1:      grunt_arrival_lava_bath, layout_basic
D:2:      layout_basic, shapermc_ecumenical_altar_mp_highgroup, glass_columns_b
D:3:      layout_basic, mainiacjoe_overflow_catwalk, serial_shops,
          nicolae_shop_waterfront
D:4:      layout_gridville, st_stairs_1
D:5:      layout_basic, minmay_temple_entry_glass, gammafunk_ghost_icy,
          skrybe_limestone_x, uniq_sigmund, uniq_edmund
Temple:   minmay_crystal_snake_temple

Skill      XL: |  1  2  3  4  5  6  7 |
---------------+----------------------+-----
Fighting       | 1 2 3 |  3.0
Maces & Flails | 1 2 3 4 6 |  6.8
Shields        | 4 |  4.0
Spellcasting   | |  1.0
Transmutations | |  4.5
Air Magic      | |  1.0

Action                   |  1- 3 |  4- 6 |  7- 9 || total
-------------------------+-------+-------+-------++-------
Melee: Club              |    36 |       |       ||    36
       Headbutt          |     5 |       |       ||     5
       Kick              |     4 |       |       ||     4
       Mace              |    81 |   121 |    56 ||   258
 Cast: Beastly Appendage |     8 |       |       ||     8
  Use: Scroll            |     2 |     2 |     2 ||     6
       Potion            |       |     1 |     1 ||     2
 Stab: Sleeping          |     1 |       |       ||     1
Armor: Robe              |    21 |     7 |       ||    28
       Chain mail        |       |    89 |    39 ||   128
Dodge: Dodged            |    82 |    60 |    31 ||   173
Block: Buckler           |    18 |    28 |    13 ||    59

Table legend: (Time is in decaauts)
 A = Elapsed time spent in this place.
 B = Non-inter-level travel time spent in this place.
 C = Inter-level travel time spent in this place.
 D = Time resting spent in this place.
 E = Time spent auto-exploring this place.
 F = Levels seen in this place.
 G = Mean time per level.
                   A        B        C        D        E       F      G
               +--------+--------+--------+--------+--------+-----+--------+
         Total |   6255 |   5967 |    288 |   2548 |   2177 |   6 | 1042.5 |
       Dungeon |   5833 |   5554 |    279 |   2166 |   2170 |   5 | 1166.6 |
        Temple |    422 |    413 |      9 |    382 |      7 |   1 |  422.0 |
               +--------+--------+--------+--------+--------+-----+--------+

Top non-repeatable levels by time:
     D:4: 1371 daAuts
     D:3: 1280 daAuts
     D:1: 1154 daAuts
     D:2: 1021 daAuts
     D:5: 1004 daAuts
  Temple: 422 daAuts
